 Dungeon Sprint DCSS version 0.30-a0-912-ge10d75a369 (webtiles) character file.

Game seed: 13158969088959214470

1670 Conn the Arsonist (level 9, -3/51 HPs)
             Began as an Octopode Fire Elementalist on Mar 19, 2023.
             Was a Follower of Sif Muna.
             Shot with an arrow by a centaur warrior (17 damage)
             ... in the Dungeon (Sprint I: "Red Sonja").
             The game lasted 00:11:40 (787 turns).

Conn the Arsonist (Octopode Fire Elementalist)       Turns: 787, Time: 00:11:44

Health: -3/51      AC:  3    Str:  8    XL:     9   Next: 1%
Magic:  13/23      EV: 14    Int: 21    God:    Sif Muna [*.....]
Gold:   555        SH:  0    Dex: 12    Spells: 19/29 levels left

rFire   . . .      SeeInvis .    k - +1 dagger (distort)
rCold   . . .      Faith    .    (no shield)
rNeg    . . .      Spirit   .    n - +2 hat
rPois   .          Reflect  .    (no amulet)
rElec   .          Rampage  .    (no ring)
rCorr   .          NoTele   +    (no ring)
Will    .....                    (no ring)
Stlth   ++++                     (no ring)
HPRegen 0.28/turn                (no ring)
MPRegen 0.18/turn                (no ring)
                                 (no ring)
                                 (no ring)

@: no status effects
A: almost no armour, amphibious, 8 rings, camouflage 1, gelatinous body 1,
(nimble swimmer 1), tentacles
a: Renounce Religion, Channel Magic


You were in the Dungeon.
You worshipped Sif Muna.
Sif Muna was aware of your devotion.
You visited 1 branch You collected 823 gold pieces.
You spent 268 gold pieces at shops.

Inventory:

Hand Weapons
 e - a +0 dagger
 k - a +1 dagger of distortion (weapon)
Missiles
 l - 2 curare-tipped darts (quivered)
Armour
 n - a +2 hat (worn)
Magical Staves
 m - a staff of cold
Wands
 d - a wand of acid (6)
Scrolls
 f - a scroll of blinking
 h - a scroll of identify
 i - a scroll of fear
Potions
 a - 3 potions of magic
 b - 3 potions of curing
 c - 2 potions of heal wounds
 g - 2 potions of berserk rage


   Skills:
 + Level 0.8 Throwing
 + Level 5.1 Dodging
 + Level 6.6 Stealth
 * Level 10.5 Spellcasting
 * Level 7.7 Conjurations
 + Level 0.6 Hexes
 + Level 11.7 Fire Magic
 * Level 5.8 Invocations
 + Level 1.2 Evocations


You had 19 spell levels left.
You knew the following spells:

 Your Spells              Type           Power      Damage    Failure   Level
a - Foxfire               Conj/Fire      100%       2x1d9     1%          1
c - Inner Flame           Hex/Fire       37%        N/A       1%          3
d - Flame Wave            Conj/Fire      51%        2d13      1%          4
e - Scorch                Fire           100%       2d10      1%          2

Your spell library contained the following spells:

 Spells                   Type           Power      Damage    Failure   Level
 Kindle Blastsparks       Fire/Tloc/Air  54%        2d14      3%          3


Dungeon Overview and Level Annotations

Branches:
Dungeon (1/1)

Altars:
Cheibriados
Dithmenos
Elyvilon
Fedhas
Gozag
Hepliaklqana
Kikubaaqudgha
Makhleb
Nemelex Xobeh
Okawaru
Qazlal
Ru
Sif Muna
Trog
Uskayaw
Vehumet
Wu Jian
Xom
Yredelemnul
Zin
The Shining One
Jiyva
Lugonu

Shops:
D (*[


Innate Abilities, Weirdness & Mutations

You cannot wear most types of armour.
You are amphibious.
You can wear up to eight rings at the same time.
Your skin changes colour to match your surroundings (Stealth+).
Your rubbery body absorbs attacks. (AC +1, EV +1)
((You are camouflaged when in or above water. (Stealth+)))
You have tentacles for arms and can constrict up to eight enemies at once.


Message History

Confirm with . or Enter, or press ? or * to list all spells.
Aiming: Inner Flame (safe; 1% risk of failure)
Press: ? - help, Dir - move target, f - centaur warrior
Aim: a centaur warrior (purple smoke, asleep, chance to affect: 76%)
The centaur warrior is filled with an inner flame.
Your foxfire dissipates!
Casting: Inner Flame (safe; 1% risk of failure)
Confirm with . or Enter, or press ? or * to list all spells.
You conjure some foxfire!
Casting: Foxfire (safe; 1% risk of failure)
Confirm with . or Enter, or press ? or * to list all spells.
Flames lash the centaur warrior.
Flame seeps out of the centaur warrior.
The centaur warrior is lightly wounded.
The centaur warrior's fire resistance burns away.
You hear a shout!
The foxfire hits the centaur warrior!
The centaur warrior is burned terribly!
Flame seeps out of the centaur warrior.
The centaur warrior is moderately wounded.
The foxfire hits the centaur warrior.
The centaur warrior is burned terribly!
Flame seeps out of the centaur warrior.
The centaur warrior is moderately wounded.
Your foxfire dissipates!
The centaur warrior is engulfed in blazing flames.
Flame seeps out of the centaur warrior.
The centaur warrior wields a +0 shortbow.
The centaur warrior shoots an arrow.
The arrow hits you!!
A centaur warrior comes into view.
The centaur warrior shouts!
Aiming: Corrosive Bolt
Press: ? - help, Shift-Dir - straight line, f/p - centaur warrior
Aim: a centaur warrior, wielding a +0 shortbow (flame, heavily wounded, inner flame, more vulnerable to fire, 79% to hit)
The bolt of acid misses the centaur warrior.
The centaur warrior is engulfed in blazing flames.
Flame seeps out of the centaur warrior.
The centaur warrior shoots an arrow.
The arrow hits you!
* * * LOW HITPOINT WARNING * * *
The centaur warrior is engulfed in blazing flames.
Flame seeps out of the centaur warrior.
The centaur warrior shoots an arrow.
The arrow hits you!
You die... #<.#..)..#..'..#__#..+ #..[..#..').#..'..'..# #..#####'#####'#__#### #..####..#...#.####[§ #..#__####..##.# ~~§c# #..#_____##'#_.+ §§§§+ #⌠⌠#_.∩...'..._# cc§

####_..__##_.#'##§###
#_____###'#[#@§[!###
############.####'###.##
#∩........'...'...§§'[∩#
###++++####...##########
###.### #.#'#.# #.....#
#...).# #######


You could see 2 centaur warriors.

Vanquished Creatures
  Sonja (D)
  A deep troll (D)
  A slime creature (D)
  A yak (D)
  Sigmund (D)
  An ogre (D)
  A jelly (D)
  Ijyb (D)
  A ballistomycete spore (D)
9 creatures vanquished.

Vanquished Creatures (others)
  A ballistomycete spore (D)
  16 foxfires (D)
17 creatures vanquished.

Grand Total: 26 creatures vanquished

Notes
Turn   | Place    | Note
-------+----------+-------------------------------------------
     0 | D        | Conn the Octopode Fire Elementalist began the quest for the
                  | Orb.
     0 | D        | Reached XP level 1. HP: 11/11 MP: 3/3
     4 | D        | Noticed Ijyb
    11 | D        | Killed Ijyb
    12 | D        | Reached skill level 4 in Fire Magic
    12 | D        | Reached XP level 2. HP: 11/17 MP: 0/6
    12 | D        | Reached XP level 3. HP: 14/21 MP: 0/7
    46 | D        | Noticed an ogre
    50 | D        | Killed an ogre
    51 | D        | Reached skill level 6 in Fire Magic
    51 | D        | Reached XP level 4. HP: 21/27 MP: 2/10
    62 | D        | Noticed Sigmund
    71 | D        | Learned a level 2 spell: Scorch
    75 | D        | Learned a level 3 spell: Inner Flame
    80 | D        | Learned a level 4 spell: Flame Wave
   127 | D        | Killed Sigmund
   128 | D        | Reached skill level 5 in Stealth
   128 | D        | Reached skill level 5 in Conjurations
   128 | D        | Reached skill level 8 in Fire Magic
   128 | D        | Reached XP level 5. HP: 31/31 MP: 4/13
   128 | D        | Reached XP level 6. HP: 36/36 MP: 4/15
   213 | D        | Found an ornate altar of the Wu Jian Council.
   213 | D        | Found a shimmering blue altar of Sif Muna.
   215 | D        | Found a radiant altar of Vehumet.
   220 | D        | Became a worshipper of Sif Muna the Loreminder
   247 | D        | Identified the +0 robe "Neklakla" {rElec Int+2}
   252 | D        | Found Misesiusm's General Store.
   252 | D        | Found an ancient bone altar of Kikubaaqudgha.
   252 | D        | Found a hazy altar of Hepliaklqana.
   252 | D        | Found a stormy altar of Qazlal.
   252 | D        | Found a hide-covered altar of Uskayaw.
   252 | D        | Found a blossoming altar of Fedhas.
   252 | D        | Found a bloodstained altar of Trog.
   252 | D        | Found an iron altar of Okawaru.
   252 | D        | Found a basalt altar of Yredelemnul.
   252 | D        | Found a glowing golden altar of the Shining One.
   252 | D        | Found a snail-covered altar of Cheibriados.
   252 | D        | Found a sacrificial altar of Ru.
   252 | D        | Found a glowing silver altar of Zin.
   252 | D        | Found a shadowy altar of Dithmenos.
   252 | D        | Found a white marble altar of Elyvilon.
   252 | D        | Noticed a yak
   258 | D        | Killed a yak
   259 | D        | Reached skill level 9 in Fire Magic
   259 | D        | Reached XP level 7. HP: 24/41 MP: 3/17
   260 | D        | Found an opulent altar of Gozag.
   261 | D        | Found a sparkling altar of Nemelex Xobeh.
   265 | D        | Bought a scroll of fear for 48 gold pieces
   265 | D        | Bought a potion of heal wounds for 60 gold pieces
   348 | D        | Noticed Sonja
   350 | D        | Killed Sonja
   350 | D        | Reached * piety under Sif Muna
   351 | D        | Reached skill level 10 in Fire Magic
   351 | D        | Reached skill level 1 in Evocations
   351 | D        | Reached XP level 8. HP: 46/46 MP: 12/21
   451 | D        | Found Amowommo's Weapon Boutique.
   505 | D        | Noticed a deep troll
   515 | D        | Killed a deep troll
   516 | D        | Reached skill level 5 in Dodging
   516 | D        | Reached skill level 10 in Spellcasting
   516 | D        | Reached skill level 11 in Fire Magic
   516 | D        | Reached skill level 5 in Invocations
   659 | D        | Found Zifig's Armour Emporium.
   664 | D        | Bought a +2 hat for 160 gold pieces
   697 | D        | Found a burning altar of Makhleb.
   697 | D        | Found a viscous altar of Jiyva.
   697 | D        | Found a shimmering altar of Xom.
   697 | D        | Found a corrupted altar of Lugonu.
   697 | D        | Noticed a slime creature
   703 | D        | Killed a slime creature
   704 | D        | Reached XP level 9. HP: 51/51 MP: 14/23
   778 | D        | Noticed a centaur warrior
   786 | D        | Noticed a centaur warrior
   787 | D        | Shot with an arrow by a centaur warrior

Illustrated notes

Levels and vault maps discovered:
D:        dungeon_sprint_1 [red_sonja_temple_1, red_sonja_temple_small_1]

Skill      XL: |  1  2  3  4  5  6  7  8 |
---------------+-------------------------+-----
Stealth        | 3 4 5 6 |  6.6
Spellcasting   | 3 4 6 7 9 10 | 10.5
Conjurations   | 2 4 5 6 7 |  7.7
Fire Magic     | 4 6 8 9 10 11 | 11.7
Dodging        | 3 4 5 |  5.1
Invocations    | 2 4 5 |  5.8
Evocations     | 1 |  1.2
Throwing       | |  0.8
Hexes          | |  0.6

Action                     |  1- 3 |  4- 6 |  7- 9 || total
---------------------------+-------+-------+-------++-------
  Melee: Unarmed           |     5 |       |       ||     5
         Constrict         |     1 |       |       ||     1
         Tentacles         |     1 |       |       ||     1
         Dagger            |     1 |       |       ||     1
  Throw: Dart              |       |       |     2 ||     2
   Cast: Foxfire           |     4 |     2 |     6 ||    12
         Scorch            |       |     8 |     8 ||    16
         Flame Wave        |       |     1 |     2 ||     3
         Inner Flame       |       |       |     3 ||     3
  Evoke: Wand              |     1 |       |     1 ||     2
    Use: Potion            |     2 |       |       ||     2
         Scroll            |       |       |     1 ||     1
  Dodge: Dodged            |     1 |     3 |     1 ||     5

Table legend: (Time is in decaauts)
 A = Elapsed time spent in this place.
 B = Non-inter-level travel time spent in this place.
 C = Inter-level travel time spent in this place.
 D = Time resting spent in this place.
 E = Time spent auto-exploring this place.
 F = Levels seen in this place.
 G = Mean time per level.
                   A        B        C        D        E       F      G
               +--------+--------+--------+--------+--------+-----+--------+
         Total |    777 |    777 |      0 |    397 |      0 |   1 |  777.0 |
       Dungeon |    777 |    777 |      0 |    397 |      0 |   1 |  777.0 |
               +--------+--------+--------+--------+--------+-----+--------+

Top non-repeatable levels by time:
       D: 777 daAuts
